 Dungeon Crawl Stone Soup version 0.30-a0-210-g01b79a254e (webtiles) character file.

Game seed: 15088643160149485777

289 themarg the Trooper (level 6, -12/58 HPs)
             Began as a Minotaur Fighter on Oct 4, 2022.
             Mangled by an ogre
             ... wielding a +0 giant club
              (21 damage)
             ... on level 4 of the Dungeon.
             The game lasted 00:07:24 (3258 turns).

themarg the Trooper (Minotaur Fighter)              Turns: 3258, Time: 00:07:24

Health: -12/58     AC:  6    Str: 22    XL:     6   Next: 9%
Magic:  5/5        EV:  9    Int: 11    God:
Gold:   217        SH:  5    Dex: 10    Spells: 5/5 levels left

rFire   . . .      SeeInvis .    a - +0 war axe
rCold   . . .      Faith    .    c - +0 buckler
rNeg    . . .      Spirit   .    b - +0 scale mail
rPois   .          Reflect  .    (helmet restricted)
rElec   +          Harm     .    h - scarf {repulsion}
rCorr   +          Rampage  .    (no gloves)
Will    .....                    (no boots)
Stlth   +.........               (no amulet)
HPRegen 0.29/turn                o - ring of resist corrosion
MPRegen 0.09/turn                v - ring "Piet" {rElec Int+6 Stlth+}

@: repel missiles
A: horns 2, retaliatory headbutt
a: no special abilities


You were on level 4 of the Dungeon.
You visited 1 branch of the dungeon, and saw 4 of its levels.

You collected 217 gold pieces.

Inventory:

Hand Weapons
 a - a +0 war axe (weapon)
Missiles
 e - 2 atropa-tipped darts (quivered)
Armour
 b - a +0 scale mail (worn)
 c - a +0 buckler (worn)
 h - a scarf of repulsion (worn)
 q - +0 swamp dragon scales
Jewellery
 g - an amulet of faith
 o - a ring of resist corrosion (left hand)
 v - the ring "Piet" (right hand) {rElec Int+6 Stlth+}
   (You found it on level 3 of the Dungeon)

   [ring of intelligence]

   Int:       It affects your intelligence (+6).
   rElec:     It insulates you from electricity.
   Stlth:     It makes you more stealthy.
 y - a ring of wizardry
Wands
 z - a wand of paralysis (4)
Scrolls
 i - a scroll of identify
 j - 2 scrolls of fear
 m - 2 scrolls of blinking {unknown}
 n - a scroll of noise {unknown}
 p - 2 scrolls of vulnerability
 r - a scroll of butterflies {unknown}
 t - a scroll of torment {unknown}
 w - 3 scrolls of teleportation {unknown}
Potions
 d - a potion of might
 f - 4 potions of curing
 k - 2 potions of lignification
 l - a potion of magic {unknown}
 s - 2 potions of flight
 u - a potion of berserk rage {unknown}
 x - a potion of haste {unknown}


   Skills:
 + Level 6.4 Fighting
 + Level 4.5 Axes
 - Level 3.6 Armour
 - Level 5.0 Shields


You had 5 spell levels left.
You didn't know any spells.
Your spell library contained the following spells:

 Spells                   Type           Power      Damage    Failure   Level
 Call Canine Familiar     Summ           0%         N/A       98%         3
 Ignite Poison            Fire/Tmut/Pois 0%         N/A       98%         3
 Portal Projectile        Hex/Tloc       0%         N/A       98%         3
 Leda's Liquefaction      Hex/Erth       0%         N/A       100%        4
 Sticky Flame             Conj/Fire      0%         2d3       100%        4
 Ignition                 Fire           0%         3d3       100%        8


Dungeon Overview and Level Annotations

Branches:
Dungeon (4/15)
 Temple: D:4-7

Altars:
Qazlal
Trog

Annotations:
D:3 3 runed translucent doors, Crazy Yiuf; PRIMUS's ghost, amateur DsNe


Innate Abilities, Weirdness & Mutations

You have a pair of horns on your head.
You reflexively headbutt those who attack you in melee.


Message History

A giant cockroach is nearby!
You hit the giant cockroach but do no damage.
You headbutt the giant cockroach.
You kill the giant cockroach!
You open the door.
Found a ring mail.
There is an open door here.
You now have 217 gold pieces (gained 15).
Found a stone staircase leading up.
There is a stone staircase leading down here.
A worm comes into view.
Found 8 stones.
The worm closely misses you. You furiously retaliate!
You headbutt the worm! You slash the worm!
You kill the worm!
No target in view!
As you open the door, it creaks loudly!
An ogre comes into view. It is wielding a +0 giant club.
Found 6 stones and a scroll labelled QAYGRU SUXUSK.
There is an open door here.
You see here 6 stones.
You slash the ogre! You headbutt the ogre!
The ogre is severely wounded.
The ogre hits you with a +0 giant club.
You completely miss the ogre.
The ogre is severely wounded.
The ogre hits you with a +0 giant club!!
Ouch! That really hurt!
You are too injured to fight recklessly!
You are too injured to fight recklessly!
You are too injured to fight recklessly!
You are too injured to fight recklessly!
You closely miss the ogre. You headbutt the ogre.
The ogre is severely wounded.
The ogre hits you with a +0 giant club!
* * * LOW HITPOINT WARNING * * *
You hit the ogre but do no damage.
The ogre is severely wounded.
The ogre hits you with a +0 giant club!!
You die...

...........# ####..#...####...##
.........##########...### ###.#
#.....................# ######.#
######+#....#.#.###.#.###...##.#
.##.#...###.#.).#.#.##.#
.##......#....#[.......##
##......#.##...#........
#......#.##.#.....###..
#....O@'....#.##......#
#......##.#.....##.##.#
#...............##.##..
#...............##.##..
#..?............##.....
#...............#######
#...............#
#......#.......## .......


You could see an ogre.

Vanquished Creatures
  A scorpion (D:4)
  Jessica (D:3)
  Ijyb (D:4)
  Natasha (twice) (D:3)
  6 adders
  3 worms
  A dart slug (D:2)
  7 ball pythons
  2 endoplasms (D:2)
  4 giant cockroaches
  10 goblins
  4 hobgoblins
  4 jackals
  6 kobolds
  4 quokkas
  5 bats
  2 frilled lizards
  5 rats
68 creatures vanquished.

Notes
Turn   | Place    | Note
-------+----------+-------------------------------------------
     0 | D:1      | themarg the Minotaur Fighter began the quest for the Orb.
     0 | D:1      | Reached XP level 1. HP: 19/19 MP: 0/0
    61 | D:1      | Reached skill level 4 in Fighting
    68 | D:1      | Reached XP level 2. HP: 25/25 MP: 1/1
   838 | D:2      | Reached XP level 3. HP: 34/34 MP: 2/2
  1152 | D:2      | Reached XP level 4. HP: 40/41 MP: 3/3
  1173 | D:2      | Reached skill level 5 in Shields
  1178 | D:2      | Reached skill level 5 in Fighting
  1588 | D:3      | Noticed Jessica
  1593 | D:3      | Killed Jessica
  1651 | D:3      | Found a runed translucent door.
  1652 | D:3      | Noticed Crazy Yiuf
  1709 | D:3      | Found a stormy altar of Qazlal.
  1959 | D:3      | Identified the ring "Piet" {rElec Int+6 Stlth+}
  1988 | D:3      | Noticed Natasha
  1993 | D:3      | Killed Natasha
  1994 | D:3      | Reached XP level 5. HP: 37/50 MP: 4/4
  2201 | D:3      | Found a bloodstained altar of Trog.
  2209 | D:3      | Found a faded altar of an unknown god.
  2249 | D:3      | Found a large runed translucent door.
  2249 | D:3      | Found a large runed translucent door.
  2251 | D:3      | Noticed PRIMUS's ghost (amateur DsNe)
  2435 | D:3      | Noticed Natasha
  2444 | D:3      | Killed Natasha
  2837 | D:4      | Reached skill level 6 in Fighting
  3005 | D:4      | Noticed Ijyb
  3018 | D:4      | Paralysed by Ijyb for 2 turns
  3021 | D:4      | Killed Ijyb
  3022 | D:4      | Reached XP level 6. HP: 52/58 MP: 5/5
  3258 | D:4      | Mangled by an ogre

Illustrated notes

Levels and vault maps discovered:
D:1:      eino_arrival_water_star, layout_basic, minmay_misc_feat_alley
D:2:      layout_basic, small_statue_intersection, minmay_misc_feat_columns
D:3:      layout_basic, nicolae_overflow_hidden_temple,
          mainiacjoe_overflow_alcove_2, basic_ecumenical_altar,
          ebering_ghost_disaster_area, uniq_jessica, uniq_natasha,
          uniq_crazy_yiuf_cottage
D:4:      layout_basic, minmay_temple_entry_trees, uniq_ijyb

Skill      XL: |  1  2  3  4  5 |
---------------+----------------+-----
Fighting       | 4 5 6 |  6.4
Shields        | 4 5 |  5.0
Axes           | 3 4 |  4.5
Armour         | |  3.6

Action                   |  1- 3 |  4- 6 || total
-------------------------+-------+-------++-------
Melee: War axe           |   103 |    71 ||   174
       Headbutt          |     9 |    20 ||    29
  Use: Scroll            |       |     5 ||     5
       Potion            |       |     1 ||     1
Armor: Scale mail        |    62 |    21 ||    83
Dodge: Dodged            |    51 |    30 ||    81
       Repelled          |       |     1 ||     1
Block: Buckler           |    31 |    15 ||    46

Table legend: (Time is in decaauts)
 A = Elapsed time spent in this place.
 B = Non-inter-level travel time spent in this place.
 C = Inter-level travel time spent in this place.
 D = Time resting spent in this place.
 E = Time spent auto-exploring this place.
 F = Levels seen in this place.
 G = Mean time per level.
                   A        B        C        D        E       F      G
               +--------+--------+--------+--------+--------+-----+--------+
         Total |   3326 |   3216 |    110 |    411 |   2278 |   4 |  831.5 |
       Dungeon |   3326 |   3216 |    110 |    411 |   2278 |   4 |  831.5 |
               +--------+--------+--------+--------+--------+-----+--------+

Top non-repeatable levels by time:
     D:3: 1238 daAuts
     D:1: 857 daAuts
     D:2: 734 daAuts
     D:4: 496 daAuts
